 Dungeon Crawl Stone Soup version 0.20.1-1-g8b1a95d (webtiles) character file.

1119 Blomdor the Cleaver (level 8, -1/61 HPs)
             Began as a Barachi Conjurer on Sept 16, 2017.
             Was a Believer of Cheibriados.
             Slain by a worker ant (5 damage)
             ... on level 5 of the Dungeon.
             The game lasted 00:14:46 (5632 turns).

Blomdor the Cleaver (Barachi Conjurer)              Turns: 5632, Time: 00:14:46

Health: -1/61      AC: 11    Str: 19    XL:     8   Next: 34%
Magic:  11/11      EV:  8    Int: 21    God:    Cheibriados [**....]
Gold:   185        SH:  0    Dex: 17    Spells: 10/11 levels left

rFire    . . .     SeeInvis .   s - +1 whip (elec)
rCold    . . .     Gourm    .   (no shield)
rNeg     . . .     Faith    .   p - +0 chain mail
rPois    +         Spirit   .   k - +2 hat
rElec    .         Reflect  .   a - +0 cloak
rCorr    .         Harm     .   (no gloves)
MR       .....                  (no boots)
Stlth    ..........             (no amulet)
Regen    0.2/turn               o - ring of poison resistance
MPRegen  0.2/turn               (no ring)

@: can't hop, very slightly contaminated, very slow
A: +LOS, swims, sense surroundings 1, slowness 1, strong 1, strong legs 1
a: Hop, Bend Time, Renounce Religion


You were on level 5 of the Dungeon.
You worshipped Cheibriados.
Cheibriados was pleased with you.
You were not hungry.

You visited 2 branches of the dungeon, and saw 6 of its levels.

You collected 185 gold pieces.

Inventory:

Hand Weapons
 h - a +0 dagger of venom
 l - a +0 hand axe
 s - a +1 whip of electrocution (weapon)
Armour
 a - a +0 cloak (worn)
 k - a +2 hat (worn)
 p - a +0 chain mail (worn)
 r - a cursed +0 helmet
Jewellery
 o - a ring of poison resistance (left hand)
 w - an uncursed ring of fire
Scrolls
 e - a scroll of enchant armour
 i - a scroll of remove curse
 m - a scroll of amnesia
 n - a scroll of identify
 t - a scroll of immolation
Books
 b - a book of Conjurations

   Spells                             Type                      Level
   a - Magic Dart                     Conjuration                  1
   b - Searing Ray                    Conjuration                  2
   c - Dazzling Spray                 Conjuration/Hexes            3
   d - Fulminant Prism                Conjuration/Hexes            4
   e - Force Lance                    Conjuration/Translocation    4
   f - Iskenderun's Mystic Blast      Conjuration                  4
Comestibles
 c - 4 bread rations
 f - 5 chunks of flesh
 j - 2 fruits


   Skills:
 + Level 4.7 Fighting
 * Level 9.0 Axes
 + Level 2.4 Armour
 - Level 2.1 Dodging
 - Level 1.7 Stealth
 - Level 2.1 Spellcasting
 - Level 4.3 Conjurations


You had 10 spell levels left.
You knew the following spells:

 Your Spells              Type           Power        Failure   Level  Hunger
a - Magic Dart            Conj           ###.         28%         1    #......


Dungeon Overview and Level Annotations

Branches:
Dungeon (5/15)             Temple (1/1) D:4

Altars:
Cheibriados
Gozag
Makhleb
Nemelex Xobeh
Okawaru
Xom

Shops:
D:4 :(=

Annotations:
D:3 Finerminer's ghost, amateur FoFi


Innate Abilities, Weirdness & Mutations

Shadows flee at your approach. (+LOS)
You can swim through water.
You cover ground slowly.
You can hop short distances.
You passively map a small area around you.
Your muscles are strong. (Str +2)


Message History

You aren't carrying any potions.
Unknown command.
You aren't carrying any items that you can evoke.
Okay, then.
Okay, then.
You are feeling hungry.
You start resting.
Eating one of 6 chunks of flesh.
You eat one of the 6 chunks of flesh.
This raw flesh tastes terrible.
Found a stone staircase leading down.
Wield which item (- for none, * to show all)? (? for menu, Esc to quit)
Okay, then.
You whack the worker ant!
The worker ant is heavily wounded.
The worker ant bites you.
* * * LOW HITPOINT WARNING * * *
Unknown command.
You hit the worker ant.
The worker ant is heavily wounded.
The worker ant bites you.
You die...

* * , #.####.# , ,
,* #......# , ,
##.....# , ###*
###.....# ...####
#.......#***
......# #..)..o.#
......# #..[..#.#
......####)..#.#a#
,
.......ยง.)...#.#@#
#...o........#.#.#
#...a..........#.#
##.Y.............#
*
...oo............#
,
....#####........#
, ** ....
#......#.# * ....
#......#.# , ....
#......#>.


You could see a worker ant and an orc.

Vanquished Creatures
  3 phantoms (D:4)
  A sky beast (D:5)
  A centaur (D:4)
  A bullfrog (D:4)
  A howler monkey (D:4)
  A crimson imp (D:4)
  2 orc priests
  A bullfrog skeleton (D:5)
  4 orc wizards
  An iguana (D:4)
  Natasha (thrice) (D:4)
  5 gnolls
  4 adders
  An adder skeleton (D:4)
  8 worms
  3 dart slugs
  4 leopard geckos
  18 orcs
  2 ball pythons
  5 giant cockroaches
  9 goblins
  11 hobgoblins
  22 jackals
  3 quokkas
  6 bats
  4 frilled lizards
  3 kobolds
  7 rats
134 creatures vanquished.

Notes
Turn   | Place    | Note
-------+----------+-------------------------------------------
     0 | D:1      | Blomdor the Barachi Conjurer began the quest for the Orb.
     0 | D:1      | Reached XP level 1. HP: 13/13 MP: 3/3
    42 | D:1      | Reached skill level 1 in Fighting
    96 | D:1      | Found a shimmering altar of Xom.
   122 | D:1      | Reached XP level 2. HP: 12/22 MP: 5/5
   674 | D:1      | Reached XP level 3. HP: 21/29 MP: 1/6
  1113 | D:2      | Reached skill level 1 in Axes
  1185 | D:2      | Reached XP level 4. HP: 37/37 MP: 7/7
  1212 | D:2      | Reached skill level 2 in Axes
  1743 | D:3      | Reached skill level 3 in Axes
  1811 | D:3      | Noticed Finerminer's ghost (amateur FoFi)
  1959 | D:3      | Gained mutation: Your muscles are strong. (Str +2) [potion of mutation]
  1959 | D:3      | Gained mutation: You passively map a small area around you. [potion of mutation]
  2056 | D:3      | Found an opulent altar of Gozag.
  2102 | D:3      | Reached XP level 5. HP: 42/42 MP: 8/8
  2149 | D:4      | Noticed a phantom
  2210 | D:4      | Killed a phantom
  2210 | D:4      | Reached skill level 4 in Axes
  2210 | D:4      | Reached XP level 6. HP: 20/48 MP: 4/9
  2451 | D:4      | Noticed a phantom
  2451 | D:4      | Reached skill level 5 in Axes
  2788 | D:4      | Killed a phantom
  2949 | D:4      | Reached skill level 6 in Axes
  3090 | D:4      | Found Afreidyura's Antique Weapon Shop.
  3102 | D:4      | Noticed a phantom
  3110 | D:4      | Reached XP level 7. HP: 51/53 MP: 10/10
  3739 | D:3      | Found an iron altar of Okawaru.
  3869 | D:3      | Noticed Natasha
  3885 | D:4      | Found a staircase to the Ecumenical Temple.
  4146 | Temple   | Entered the Ecumenical Temple
  4149 | Temple   | Became a worshipper of Cheibriados the Contemplative
  4171 | D:4      | Reached skill level 7 in Axes
  4317 | D:4      | Found Opnainis's Book Shop.
  4708 | D:4      | Killed Natasha
  4972 | D:4      | Reached * piety under Cheibriados
  4972 | D:4      | Reached skill level 8 in Axes
  5120 | D:4      | Found Cuttot's Jewellery Boutique.
  5164 | D:4      | Noticed Natasha
  5193 | D:4      | Killed Natasha
  5278 | D:4      | Noticed Natasha
  5288 | D:4      | Killed Natasha
  5377 | D:5      | Entered Level 5 of the Dungeon
  5391 | D:5      | Reached XP level 8. HP: 45/60 MP: 11/11
  5397 | D:5      | Reached skill level 1 in Armour
  5549 | D:5      | Reached ** piety under Cheibriados
  5608 | D:5      | Reached skill level 9 in Axes
  5631 | D:5      | HP: 3/61 [worker ant (3)]
  5632 | D:5      | Slain by a worker ant

Skill      XL: |  1  2  3  4  5  6  7  8 |
---------------+-------------------------+-----
Fighting       | 1 3 4 |  4.7
Axes           | 1 3 4 6 8 9 |  9.0
Armour         | 2 |  2.4
Dodging        | |  2.1
Stealth        | |  1.7
Spellcasting   | |  2.1
Conjurations   | |  4.3

Action                   |  1- 3 |  4- 6 |  7- 9 || total
-------------------------+-------+-------+-------++-------
Melee: Unarmed           |    82 |       |       ||    82
       Short sword       |    42 |   129 |    28 ||   199
       Spear             |     8 |       |       ||     8
       Hand axe          |       |    96 |   135 ||   231
       Dagger            |       |    12 |   131 ||   143
       Whip              |       |       |    45 ||    45
 Cast: Magic Dart        |    38 |    15 |       ||    53
 Abil: Hop               |     2 |       |     2 ||     4
  Use: Potion            |     3 |     6 |     1 ||    10
       Scroll            |     1 |     2 |     5 ||     8
 Stab: Invisible         |     1 |       |       ||     1
  Eat: Chunk             |     2 |     5 |     7 ||    14
       Royal jelly       |       |     1 |       ||     1
       Fruit             |       |       |     2 ||     2
Armor: Robe              |    40 |    33 |       ||    73
       Ring mail         |       |    11 |       ||    11
       Scale mail        |       |    48 |   104 ||   152
       Skin              |       |     7 |       ||     7
       Chain mail        |       |       |    96 ||    96
Dodge: Dodged            |   146 |   137 |   169 ||   452
